[Event "FIDE World School-ch G-13 2025"]
[Site "Vrnjacka Banja"]
[Date "2025.03.21"]
[Round "2.1"]
[White "Smirnova, Viktoria A"]
[Black "Amanzhol, Khanzada"]
[Result "0-1"]
[Annotator "TA"]
[ECO "A41"]
[WhiteElo "1671"]
[BlackElo "1908"]
[PlyCount "90"]
[EventDate "2025.03.19"]
[EventType "swiss"]
[EventCountry "SRB"]
[SourceTitle "playchess.com"]
[Source "ChessBase"]
[SourceQuality "1"]
[TimeControl "5400+30"]

1. d4 d6 2. c4 e5 3. dxe5 dxe5 4. Qxd8+ Kxd8 5. Nc3 Be6 6. b3 Nd7 7. Nf3 f6 8. Bb2 c6 9. O-O-O Kc7 10. e4 {[%emt 0:06:02] A41: 1 d4 d6: Tartakower System and Modern Defence.} a5 $146 (10... Nh6 11. Ne1 Ng4 12. Nd3 Nc5 13. Rd2 Rd8 14. f3 Ne3 15. Ne1 Rxd2 16. Kxd2 Nxf1+ 17. Rxf1 a6 {0-1 Alchakov,R (1900)-Dmitriev,I (2393) Belorechensk Sarkisov Memorial op 2012 (1)}) 11. h4 h5 (11... Nc5 $15) 12. g3 (12. Ne1 $11) 12... Nh6 13. Bh3 (13. Ne1 $17) 13... Bxh3 $19 14. Rxh3 Ng4 15. Rd2 Bc5 16. Nd1 Bb4 17. Re2 Nc5 18. Kc2 (18. a3 $17 Nd3+ (18... Nxb3+ $2 19. Kc2 $18) 19. Kc2 Nxb2 20. Kxb2) 18... a4 19. Nh2 Rhd8 {[%emt 0:07:37] Black has strong rooks and is better} 20. f3 axb3+ 21. axb3 Nxh2 22. Rhxh2 Rd3 23. Re3 Rad8 {[%emt 0:00:20] Black is much more active.} 24. Rxd3 Rxd3 {[%emt 0:05:39] Black attacks} 25. Rf2 (25. f4 $17) 25... Rxb3 26. Rf1 Rd3 27. Nc3 (27. Bc1 {was worth a try.}) 27... Kc8 28. Nb1 Re3 29. Nc3 {[%emt 0:03:44] Wards off Re2+} Bxc3 30. Bxc3 {[%emt 0:00:07][%mdl 4096] Endgame KRB-KRN. Black is a pawn up.} Re2+ 31. Kd1 Rg2 32. Be1 Nd3 {[%emt 0:00:10] Prevents Bf2} 33. f4 Nb2+ 34. Kc1 Nxc4 35. Bf2 Nd6 36. fxe5 fxe5 (36... Nxe4 37. exf6 Nxf6 (37... Nxf2 $2 {loses.} 38. f7 $18) (37... Rxf2 38. Rxf2 gxf6 39. Rf4 $16) (37... gxf6 $2 38. Be1 $19) 38. Bd4 $19) 37. Be1 Kd7 38. Bb4 Ke6 39. Bxd6 Kxd6 {[%emt 0:00:05] KR-KR. Black is two pawns up.} 40. Rf3 b5 41. Rd3+ (41. Rb3 $142) 41... Kc5 42. Rc3+ Kb6 43. Rd3 b4 {[%emt 0:00:26] [#] White must now prevent ...Kb5.} 44. Rb3 c5 {[%emt 0:00:05] ( -> ...Kb5)} 45. Rf3 c4 {[%emt 0:00:15] Weighted Error Value: White=0.67/Black=0.07 (flawless)   Mistake:       	White=6     	Black=1      Inaccurate:     	White=2     	---        OK:         	White=6     	Black=18     Best:        	White=1     	Black=2} 0-1

[Event "FIDE World School-ch G-13 2025"]
[Site "Vrnjacka Banja"]
[Date "2025.03.21"]
[Round "2.1"]
[White "Veleva, Ilijana"]
[Black "Begmuratova, Sarvinoz"]
[Result "*"]
[Annotator "NA RC"]
[ECO "A41"]
[WhiteElo "1554"]
[BlackElo "1808"]
[PlyCount "25"]
[EventDate "2025.03.19"]
[EventType "swiss"]
[EventCountry "SRB"]
[SourceTitle "playchess.com"]
[Source "ChessBase"]
[SourceQuality "1"]
[TimeControl "5400+30"]

1. d4 d6 2. c4 e5 3. dxe5 dxe5 4. Qxd8+ Kxd8 5. Nc3 Be6 6. b3 Nd7 7. Nf3 f6 8. Bb2 c6 9. O-O-O Kc7 10. e4 a5 11. h4 h5 12. g3 Nh6 13. Bh3 *

[Event "FIDE World School-ch G-13 2025"]
[Site "Vrnjacka Banja"]
[Date "2025.03.21"]
[Round "2.2"]
[White "Xu, Luna Yuexiu"]
[Black "Lipartia, Nino"]
[Result "1/2-1/2"]
[Annotator "TA"]
[ECO "B47"]
[WhiteElo "1901"]
[BlackElo "1654"]
[PlyCount "149"]
[EventDate "2025.03.19"]
[EventType "swiss"]
[EventCountry "SRB"]
[SourceTitle "playchess.com"]
[Source "ChessBase"]
[SourceQuality "1"]
[TimeControl "5400+30"]

1. e4 c5 2. Nf3 e6 3. d4 cxd4 4. Nxd4 Nc6 5. Nc3 Qc7 6. a3 a6 7. Be2 Nf6 8. O-O Nxd4 9. Qxd4 Bc5 $1 {[%emt 0:01:33] 9...Bc5 is better than 9...Bd6.} 10. Qd3 {[%emt 0:02:05] A sharp opening} O-O {[%emt 0:01:24] B47: Sicilian: Taimanov: 5 Nc3 Qc7 6 f4, 6 g3 and 6 Be2.} 11. Be3 b5 12. Bd4 $146 (12. Bxc5 Qxc5 13. Bf3 Bb7 14. Rad1 Rfd8 15. Qd6 Qg5 16. Rd3 Ne8 17. Qb6 Rab8 18. Qa7 {½-½ Koop,S (2086)-Kroencke,M (2024) Berlin Spandau op 2nd 2016 (6)}) 12... Bxd4 13. Qxd4 d6 (13... Bb7 $11) 14. Rad1 Bb7 15. Qxd6 Qxd6 16. Rxd6 Bxe4 17. Nxe4 Nxe4 18. Rd4 Nf6 19. Rfd1 Rfc8 20. c3 (20. Bf3 $5 e5 21. Rd6 $14) 20... Kf8 21. a4 bxa4 22. Rxa4 a5 23. Bb5 Nd5 24. Rda1 Rcb8 25. Bc6 Ra6 26. Bxd5 (26. Rxa5 $2 {too greedy.} Rxc6 27. Ra8 Rcb6 $19) 26... exd5 $11 {[%emt 0:00:01][%mdl 4096] Endgame KRR-KRR} 27. b4 (27. Rxa5 Rxa5 28. Rxa5 Rxb2) 27... Rc6 28. bxa5 Rxc3 29. a6 Rcc8 (29... Rc7 $14) 30. a7 $18 Ra8 {[%emt 0:00:05] [#]} 31. Kf1 $1 Rd8 32. Ke2 Ke7 33. Kd3 Rd7 34. Kd4 f6 35. Kc5 $2 (35. Ra5 $18) 35... d4 $1 $11 {[%emt 0:01:46][%cal Bd5d4,Bd4d3][%mdl 32] The position is equal.} 36. Kc6 {[%emt 0:06:36] [#] and Re1+ should not be overlooked} d3 37. Kb6 d2 38. Rd1 Kd8 39. Ra2 Kc8 40. Rc2+ (40. Raxd2 Rb7+ (40... Rdxa7 41. Rd8#) (40... Raxa7 41. Rxd7 Rxd7 42. Rxd7 $11) 41. Kc5 Rc7+ 42. Kb6 Rb7+ 43. Kc5 Rc7+ 44. Kd6 Raxa7 (44... Rcxa7 45. Ke6 $16)) 40... Kd8 41. Rcxd2 Raxa7 42. Rxd7+ Rxd7 43. Rxd7+ Kxd7 {[%emt 0:00:01] K3P-K3P} 44. Kc5 Ke6 45. Kd4 Kf5 46. Kd5 g5 47. Kd6 h5 48. Kd5 g4 49. g3 Kg5 50. Ke4 f5+ 51. Ke5 Kg6 52. Ke6 (52. Kf4 $5) 52... Kg5 53. Kf7 (53. Ke5 $5) 53... f4 54. Ke6 h4 55. Ke5 fxg3 56. fxg3 hxg3 57. hxg3 {[%emt 0:00:17] KP-KP} Kg6 58. Ke6 Kg5 59. Ke5 Kg6 60. Kf4 Kf6 61. Kxg4 {[%emt 0:01:35] KP-K. White is a pawn up.} Kg6 62. Kf4 $1 Kf6 63. Kg4 (63. g4 $5) 63... Kg6 64. Kh4 Kh6 65. g4 Kg6 66. g5 Kg7 67. Kh5 Kh7 68. g6+ $1 Kg7 69. Kg5 $1 Kg8 70. Kh6 Kh8 71. Kg5 {[%emt 0:00:28] Kf6 would kill now.} Kg7 72. Kf5 (72. Kh5 $5) 72... Kg8 73. Kf6 Kf8 74. g7+ Kg8 75. Kg6 {[%emt 0:00:19] White really could win this.   Weighted Error Value: White=0.12 (very precise) /Black=0.11 (very precise)   Missed win:     	White=1     	---        Mistake:       	---       	Black=2      Inaccurate:     	White=2     	Black=2      OK:         	White=29    	Black=23     Best:        	White=6     	Black=17     Strong:       	White=4     	Black=1} 1/2-1/2

[Event "FIDE World School-ch G-13 2025"]
[Site "Vrnjacka Banja"]
[Date "2025.03.21"]
[Round "2.2"]
[White "Makanga Annabel"]
[Black "Enkhzaya, Zagas-Erdene"]
[Result "*"]
[Annotator "NA RC"]
[ECO "B47"]
[WhiteElo "1539"]
[BlackElo "1801"]
[PlyCount "36"]
[EventDate "2025.03.19"]
[EventType "swiss"]
[EventCountry "SRB"]
[SourceTitle "playchess.com"]
[Source "ChessBase"]
[SourceQuality "1"]
[TimeControl "5400+30"]

1. e4 c5 2. Nf3 e6 3. d4 cxd4 4. Nxd4 Nc6 5. Nc3 Qc7 6. a3 a6 7. Be2 Nf6 8. O-O Nxd4 9. Qxd4 Bc5 10. Qd3 O-O 11. Be3 b5 12. Bd4 Bxd4 13. Qxd4 d6 14. Rad1 Bb7 15. Qxd6 Qxd6 16. Rxd6 Bxe4 17. Nxe4 Nxe4 18. Rd4 Nf6 *

[Event "FIDE World School-ch G-13 2025"]
[Site "Vrnjacka Banja"]
[Date "2025.03.21"]
[Round "2.3"]
[White "Abylaykyzy, Bibisara"]
[Black "Omirserik, Alima"]
[Result "1/2-1/2"]
[Annotator "NA RC"]
[ECO "B32"]
[WhiteElo "1651"]
[BlackElo "1814"]
[PlyCount "134"]
[EventDate "2025.03.19"]
[EventType "swiss"]
[EventCountry "SRB"]
[SourceTitle "playchess.com"]
[Source "ChessBase"]
[SourceQuality "1"]
[TimeControl "5400+30"]

1. e4 c5 2. Nf3 Nc6 3. d4 cxd4 4. Nxd4 Qb6 5. Nb3 e6 6. Be3 Qc7 7. a3 a6 8. Nc3 b5 9. f4 Bb7 10. Qd2 d6 11. Be2 Nf6 12. Bf3 Be7 13. O-O O-O 14. Qf2 Rab8 15. Kh1 Nd7 16. g4 Bf6 17. Nd1 g6 18. h4 Bg7 19. c3 Ne7 20. Nd4 Nc5 21. Qg2 f5 22. exf5 exf5 23. Nf2 Bxd4 24. Bxd4 Ne6 25. Be3 fxg4 26. Nxg4 Nf5 27. Bxb7 Qxb7 28. Qxb7 Rxb7 29. Rfe1 h5 30. Nf2 Nxh4 31. Nh3 Nf5 32. Bf2 Nfg7 33. Bg3 Nc5 34. Rad1 Nf5 35. Kg2 Rbb8 36. Ng5 Rfe8 37. Kf3 Na4 38. Ne4 Re6 39. b3 Nb6 40. Bf2 Nd7 41. Rg1 Rbe8 42. Rge1 Kg7 43. c4 bxc4 44. bxc4 Nf6 45. Nxf6 Kxf6 46. Rxe6+ Rxe6 47. Rd5 Re8 48. c5 dxc5 49. Rxc5 Re6 50. Rc8 Rd6 51. Bc5 Re6 52. a4 Nh4+ 53. Kg3 Nf5+ 54. Kf3 Nd6 55. Bd4+ Kf7 56. Rc7+ Ke8 57. Rc6 Kd7 58. Rxa6 Nf5 59. Ra7+ Kc6 60. Be5 Kb6 61. Ra8 g5 62. Ke4 Ne7 63. f5 Nxf5 64. Kxf5 Rc6 65. Kxg5 Rc5 66. Kf4 Rc4+ 67. Ke3 Kb7 1/2-1/2

[Event "FIDE World School-ch G-13 2025"]
[Site "Vrnjacka Banja"]
[Date "2025.03.21"]
[Round "2.3"]
[White "Rajlic, Irina"]
[Black "Xu, Luna Yuexiu"]
[Result "*"]
[Annotator "NA RC"]
[ECO "B32"]
[WhiteElo "1568"]
[BlackElo "1901"]
[PlyCount "35"]
[EventDate "2025.03.19"]
[EventType "swiss"]
[EventCountry "SRB"]
[SourceTitle "playchess.com"]
[Source "ChessBase"]
[SourceQuality "1"]
[TimeControl "5400+30"]

1. e4 c5 2. Nf3 Nc6 3. d4 cxd4 4. Nxd4 Qb6 5. Nb3 e6 6. Be3 Qc7 7. a3 a6 8. Nc3 b5 9. f4 Bb7 10. Qd2 d6 11. Be2 Nf6 12. Bf3 Be7 13. O-O O-O 14. Qf2 Rab8 15. Kh1 Nd7 16. g4 Bf6 17. Nd1 g6 18. h4 *

[Event "FIDE World School-ch G-13 2025"]
[Site "Vrnjacka Banja"]
[Date "2025.03.21"]
[Round "2.4"]
[White "Amanzhol, Khanzada"]
[Black "Bratu, Agnes-Andreea"]
[Result "*"]
[Annotator "NA RC"]
[ECO "B07"]
[WhiteElo "1908"]
[BlackElo "1586"]
[PlyCount "29"]
[EventDate "2025.03.19"]
[EventType "swiss"]
[EventCountry "SRB"]
[SourceTitle "playchess.com"]
[Source "ChessBase"]
[SourceQuality "1"]
[TimeControl "5400+30"]

1. e4 d6 2. d4 Nf6 3. Bd3 Nbd7 4. Nf3 e5 5. c3 Be7 6. O-O c6 7. a4 Qc7 8. a5 h6 9. Nbd2 g5 10. Re1 Nf8 11. Qb3 Ng6 12. Bc4 Rh7 13. Nf1 g4 14. N3d2 Nf4 15. Ng3 *

[Event "FIDE World School-ch G-13 2025"]
[Site "Vrnjacka Banja"]
[Date "2025.03.21"]
[Round "2.4"]
[White "Begmuratova, Sarvinoz"]
[Black "Akuratiya, A G Hansadie Aradhya"]
[Result "1-0"]
[Annotator "NA RC"]
[ECO "B07"]
[WhiteElo "1808"]
[BlackElo "1629"]
[PlyCount "75"]
[EventDate "2025.03.19"]
[EventType "swiss"]
[EventCountry "SRB"]
[SourceTitle "playchess.com"]
[Source "ChessBase"]
[SourceQuality "1"]
[TimeControl "5400+30"]

1. e4 d6 2. d4 Nf6 3. Bd3 Nbd7 4. Nf3 e5 5. c3 Be7 6. O-O c6 7. a4 Qc7 8. a5 h6 9. Nbd2 g5 10. Re1 Nf8 11. Qb3 Ng6 12. Bc4 Rh7 13. Nf1 g4 14. N3d2 Nf4 15. Ng3 h5 16. Ne2 Nxe2+ 17. Rxe2 h4 18. Nf1 Nh5 19. g3 f5 20. dxe5 dxe5 21. exf5 Bxf5 22. Ne3 Bd7 23. Qc2 Rg7 24. Nf5 Bxf5 25. Qxf5 Nf6 26. Rxe5 hxg3 27. hxg3 Nd7 28. Qh5+ Kd8 29. Qh8+ Bf8 30. Bg5+ Rxg5 31. Rxg5 Qd6 32. Qd4 Qe7 33. Rd1 Kc8 34. Qxg4 Kc7 35. Qf4+ Kc8 36. Rf5 Qe8 37. Rf7 Be7 38. Be6 1-0

[Event "FIDE World School-ch G-13 2025"]
[Site "Vrnjacka Banja"]
[Date "2025.03.21"]
[Round "2.5"]
[White "Leca Andrei, Anastasia"]
[Black "Ardra, K P"]
[Result "*"]
[Annotator "NA RC"]
[ECO "B80"]
[WhiteElo "1805"]
[BlackElo "1544"]
[PlyCount "32"]
[EventDate "2025.03.19"]
[EventType "swiss"]
[EventCountry "SRB"]
[SourceTitle "playchess.com"]
[Source "ChessBase"]
[SourceQuality "1"]
[TimeControl "5400+30"]

1. e4 c5 2. Nf3 e6 3. d4 cxd4 4. Nxd4 Nf6 5. Nc3 d6 6. Be3 a6 7. Bd3 b5 8. a3 Bb7 9. Qe2 Nbd7 10. f3 Rc8 11. a4 b4 12. Na2 a5 13. c3 d5 14. Bd2 Bc5 15. Nb3 dxe4 16. fxe4 Nxe4 *

[Event "FIDE World School-ch G-13 2025"]
[Site "Vrnjacka Banja"]
[Date "2025.03.21"]
[Round "2.5"]
[White "Tadic, Sofija"]
[Black "Leca Andrei, Anastasia"]
[Result "0-1"]
[Annotator "NA RC"]
[ECO "B80"]
[WhiteElo "1600"]
[BlackElo "1805"]
[PlyCount "66"]
[EventDate "2025.03.19"]
[EventType "swiss"]
[EventCountry "SRB"]
[SourceTitle "playchess.com"]
[Source "ChessBase"]
[SourceQuality "1"]
[TimeControl "5400+30"]

1. e4 c5 2. Nf3 e6 3. d4 cxd4 4. Nxd4 Nf6 5. Nc3 d6 6. Be3 a6 7. Bd3 b5 8. a3 Bb7 9. Qe2 Nbd7 10. f3 Rc8 11. a4 b4 12. Na2 a5 13. c3 d5 14. Bd2 Bc5 15. Nb3 dxe4 16. fxe4 Nxe4 17. g3 Nxd2 18. Kxd2 Bxh1 19. Rxh1 bxc3+ 20. Nxc3 Bb4 21. Bb5 O-O 22. Bd3 Nc5 23. Nxc5 Rxc5 24. Qe4 Qg5+ 25. Kc2 g6 26. Rg1 Bxc3 27. bxc3 Qf6 28. Bc4 Rxc4 29. Qxc4 Qf2+ 30. Kb3 Qxg1 31. Qb5 Qb1+ 32. Ka3 Qxb5 33. axb5 e5 0-1

[Event "FIDE World School-ch G-13 2025"]
[Site "Vrnjacka Banja"]
[Date "2025.03.21"]
[Round "2.6"]
[White "Omirserik, Alima"]
[Black "Nedeljkovic, Lena"]
[Result "*"]
[Annotator "NA RC"]
[ECO "D36"]
[WhiteElo "1814"]
[BlackElo "1554"]
[PlyCount "51"]
[EventDate "2025.03.19"]
[EventType "swiss"]
[EventCountry "SRB"]
[SourceTitle "playchess.com"]
[Source "ChessBase"]
[SourceQuality "1"]
[TimeControl "5400+30"]

1. d4 d5 2. c4 e6 3. Nc3 Nf6 4. cxd5 exd5 5. Bg5 Be7 6. e3 O-O 7. Bd3 h6 8. Bh4 c6 9. Qc2 Re8 10. Nge2 Nfd7 11. Bxe7 Qxe7 12. O-O Nb6 13. Rae1 Be6 14. f3 N8d7 15. Ng3 Nf6 16. e4 Qc7 17. e5 Nfd7 18. f4 f6 19. f5 Bf7 20. e6 Bxe6 21. fxe6 Nf8 22. Bf5 Nc4 23. b3 Nb6 24. a4 a5 25. Nh5 Qd6 26. Qe2 *

[Event "FIDE World School-ch G-13 2025"]
[Site "Vrnjacka Banja"]
[Date "2025.03.21"]
[Round "2.6"]
[White "Enkhzaya, Zagas-Erdene"]
[Black "Obradovic, Nera"]
[Result "1-0"]
[Annotator "NA RC"]
[ECO "D36"]
[WhiteElo "1801"]
[BlackElo "1598"]
[PlyCount "63"]
[EventDate "2025.03.19"]
[EventType "swiss"]
[EventCountry "SRB"]
[SourceTitle "playchess.com"]
[Source "ChessBase"]
[SourceQuality "1"]
[TimeControl "5400+30"]

1. d4 d5 2. c4 e6 3. Nc3 Nf6 4. cxd5 exd5 5. Bg5 Be7 6. e3 O-O 7. Bd3 h6 8. Bh4 c6 9. Qc2 Re8 10. Nge2 Nfd7 11. Bxe7 Qxe7 12. O-O Nb6 13. Rae1 Be6 14. f3 N8d7 15. Ng3 Nf6 16. e4 Qc7 17. e5 Nfd7 18. f4 f6 19. f5 Bf7 20. e6 Bxe6 21. fxe6 Nf8 22. Bf5 Nc4 23. b3 Nb6 24. a4 a5 25. Nh5 Qd6 26. Qe2 Re7 27. Qg4 Qb4 28. Re3 Qxb3 29. Rh3 Nxa4 30. Nxf6+ Kh8 31. Rxh6+ gxh6 32. Qg8# 1-0